 Dungeon Crawl Stone Soup version 0.31-a0-216-g22e908daa7 (webtiles) character file.

Game seed: 1569293439276981496

98 qw the Shooter (level 4, -1/36 HPs)
             Began as a Minotaur Hexslinger on July 2, 2023.
             Succumbed to Terence's poison
             ... on level 2 of the Dungeon.
             The game lasted 00:00:34 (1181 turns).

qw the Shooter (Minotaur Hexslinger)                Turns: 1181, Time: 00:00:34

Health: -1/36      AC:  5    Str: 13    XL:     4   Next: 44%
Magic:  4/4        EV: 11    Int: 10    God:
Gold:   58         SH:  0    Dex: 14    Spells: 4/5 levels left

rFire   . . .        Y - +1 sling
rCold   . . .        (no shield)
rNeg    . . .        f - +0 ring mail
rPois   .            (helmet restricted)
rElec   .            (no cloak)
rCorr   .            (no gloves)
SInv    .            (no boots)
Will    .....        (no amulet)
Stlth   +            (no ring)
HPRegen 0.26/turn    (no ring)
MPRegen 0.09/turn

%: no passive effects
@: lethally poisoned (-1 -> -12)
A: horns 2, retaliatory headbutt
a: no special abilities


You were on level 2 of the Dungeon.
You visited 1 branch of the dungeon, and saw 2 of its levels.

You collected 58 gold pieces.


Innate Abilities, Weirdness & Mutations

You have a pair of horns on your head.
You reflexively headbutt those who attack you in melee.


   Skills:
 - Level 2.0 Fighting
 + Level 4.5 Ranged Weapons
 - Level 2.0 Armour
 - Level 2.1 Dodging
 - Level 1.0 Spellcasting
 - Level 2.0 Hexes


You had 4 spell levels left.
You knew the following spells:

 Your Spells              Type           Power      Damage    Failure   Level
a - Slow                  Hex            16%        N/A       32%         1

Your spell library contained the following spells:

 Spells                   Type           Power      Damage    Failure   Level
 Inner Flame              Hex/Fire       2%         N/A       82%         3
 Portal Projectile        Hex/Tloc       4%         N/A       82%         3
 Cause Fear               Hex            2%         N/A       97%         4

Inventory:

Hand Weapons
 Y - a +1 sling (weapon)
Armour
 f - a +0 ring mail (worn)
Jewellery
 e - a ring of fire
Scrolls
 a - 2 scrolls of identify
Potions
 b - a potion of ambrosia {unknown}
 h - 2 potions of mutation {unknown}
 k - 4 potions of degeneration {unknown}
 l - a potion of might {unknown}

Dungeon Overview and Level Annotations

Branches:
Dungeon (2/15)

Altars:
Fedhas

Annotations:
D:2 Terence


Message History

You shoot a sling bullet.
The sling bullet hits Terence but does no damage.
You shoot a sling bullet. The sling bullet hits Terence.
Terence is moderately wounded.
Terence barely misses you.
You shoot a sling bullet. The sling bullet hits Terence.
Terence is moderately wounded.
Terence shouts, "Now you die!" Terence misses you.
The ball python closely misses you. x2
You shoot a sling bullet.
The sling bullet hits Terence but does no damage.
Terence is moderately wounded.
Terence closely misses you.
The ball python bites you but does no damage.
The ball python barely misses you.
Terence hits you with a +2 flail of venom.
You shoot a sling bullet.
The sling bullet hits Terence but does no damage.
Terence is moderately wounded.
The ball python misses you. The ball python grabs you.
The ball python constricts you.
Terence hits you with a +2 flail of venom!
You are poisoned.
The ball python bites you but does no damage.
The ball python constricts you.
You shoot a sling bullet. The sling bullet hits the ball python.
You kill the ball python!
You feel very sick.
Terence hits you with a +2 flail of venom.
You are lethally poisoned!
You shoot a sling bullet. The sling bullet hits Terence.
Terence is heavily wounded.
You feel very sick. Terence barely misses you. You furiously retaliate!
You headbutt Terence, but do no damage.
Terence hits you with a +2 flail of venom!
You shoot a sling bullet.
The sling bullet hits Terence but does no damage.
Terence is heavily wounded.
You die...

#........## ##...## ##...##
#.......## ##.....###.....#
........# #....^..#.......
.#......# #.......#.......
........# #.......#.......
##......## ##.....###.....#
#######.## ##...## ##...##
#...##'#######%#######'###
###........@................
######...#.....@....)............
.........#.......................
#######%##.##'#######'#######'###
#.####...# ##...## ##...## #..
#.. ..###.....###.....# ...#..
..#.......#....... #### ##.#..
#.......#....... ...##.# .#
#.......#...:...


You could see Terence.

Vanquished Creatures
  Jessica (D:2)
  2 adders (D:2)
  A worm (D:2)
  A dart slug (D:1)
  2 ball pythons (D:2)
  6 bats
  4 endoplasms
  A giant cockroach (D:2)
  8 hobgoblins
  3 kobolds
  4 quokkas
  6 frilled lizards
  6 goblins (D:1)
  3 rats
48 creatures vanquished.

Notes
Turn   | Place    | Note
-------+----------+-------------------------------------------
     0 | D:1      | qw the Minotaur Hexslinger began the quest for the Orb.
     0 | D:1      | Reached XP level 1. HP: 16/16 MP: 1/1
     0 | D:1      | 0 ||| qw: Version: 0.3-a-39-g4513739
     0 | D:1      | 0 ||| qw: Game counter: 7880
     0 | D:1      | 0 ||| qw: Melee chars always use a shield: true
     0 | D:1      | 0 ||| qw: God list: Okawaru
     0 | D:1      | 0 ||| qw: Allow faded altars: false
     0 | D:1      | 0 ||| qw: Do Orc after clearing Dungeon:15 true
     0 | D:1      | 0 ||| qw: Do second Lair branch before Depths: true
     0 | D:1      | 0 ||| qw: Lair rune preference: random
     0 | D:1      | 0 ||| qw: Goals: Normal
     0 | D:1      | 0 ||| PLANNING D:1-11
    88 | D:1      | 88 ||| FLEEEEING.
    89 | D:1      | 89 ||| FLEEEEING.
    98 | D:1      | 98 ||| Stepping ~*~*~tactically~*~*~ (water).
   118 | D:1      | Reached skill level 3 in Ranged Weapons
   124 | D:1      | Reached XP level 2. HP: 20/23 MP: 2/2
   507 | D:1      | Reached XP level 3. HP: 29/29 MP: 3/3
   679 | D:1      | 679 ||| UPGRADING to +0 ring mail.
   689 | D:1      | 689 ||| DROPPING +0 robe.
   690 | D:1      | 690 ||| READING 2 scrolls labelled TEISAGHUIHI.
   691 | D:1      | 691 ||| READING scroll labelled EJITUUSURGH.
   692 | D:1      | 692 ||| READING scroll labelled UTZU FANISM.
   697 | D:1      | 697 ||| READING scroll labelled YMYNOUN DOKOGOY.
   698 | D:1      | 698 ||| DROPPING scroll of poison.
   746 | D:2      | 746 ||| STAIRDANCE
   866 | D:2      | Found a blossoming altar of Fedhas.
   952 | D:2      | Reached skill level 4 in Ranged Weapons
   986 | D:2      | Found a faded altar of an unknown god.
  1062 | D:2      | Noticed Jessica
  1064 | D:2      | Killed Jessica
  1065 | D:2      | Reached XP level 4. HP: 36/36 MP: 4/4
  1172 | D:2      | Noticed Terence
  1180 | D:2      | HP: 1/36 [Terence/+2 flail of venom (10)]
  1181 | D:2      | Succumbed to Terence's poison

Levels and vault maps discovered:
D:1:      minmay_arrival_shoal_huts, layout_loops_ring, item_on_display_a
D:2:      kennysheep_six_static_rooms, layout_rooms, serial_curves,
          eino_curves_04, eino_curves_02, shapermc_ecumenical_altar_flowoftime,
          basic_altar, minmay_misc_feat_tower, uniq_jessica, uniq_terence

Skill      XL: |  1  2  3 |
---------------+----------+-----
Ranged Weapons | 3 4 |  4.5
Fighting       | 2 |  2.0
Armour         | 2 |  2.0
Dodging        | |  2.1
Spellcasting   | |  1.0
Hexes          | |  2.0

Action                     |  1- 3 |  4- 6 || total
---------------------------+-------+-------++-------
   Fire: Sling             |   101 |    38 ||   139
    Use: Scroll            |     4 |       ||     4
 Armour: Ring mail         |     8 |    14 ||    22
  Dodge: Dodged            |    21 |    25 ||    46

Table legend:
 A = Non-vault XP
 B = Vault XP
 C = Vault XP percentage of total XP
 D = Non-vault monster count
 E = Vault monster count
 F = Vault count percentage of total count
                 A         B        C        D         E       F
            +---------+---------+-------+---------+---------+-------
      Total |      84 |      57 |  40.4 |      42 |       6 |  12.5
            +---------+---------+-------+---------+---------+-------
        D:1 |      43 |       0 |   0.0 |      26 |       0 |   0.0
        D:2 |      41 |      57 |  58.2 |      16 |       6 |  27.3
            +---------+---------+-------+---------+---------+-------
